 Dungeon Crawl Stone Soup version 0.28.0-53-g5a82cb258f (webtiles) character file.

Game seed: 10750463588125652036

121 Nyth the Cudgeller (level 4, 0/40 HPs)
             Began as a Draconian Berserker on Aug 9, 2022.
             Was a Believer of Trog.
             Slain by an orc
             ... wielding a +0 dagger
              (2 damage)
             ... on level 4 of the Dungeon.
             The game lasted 00:05:17 (2709 turns).

Nyth the Cudgeller (Draconian Berserker)            Turns: 2709, Time: 00:05:18

Health: 0/40       AC:  5    Str: 19    XL:     4   Next: 76%
Magic:  4/4        EV: 12    Int:  8    God:    Trog [**....]
Gold:   48         SH:  0    Dex: 12    Spells: 3/3 levels left

rFire   . . .      SeeInvis .   g - +1 great mace
rCold   . . .      Faith    .   (shield currently unavailable)
rNeg    . . .      Spirit   .   (armour unavailable)
rPois   .          Reflect  .   (helmet restricted)
rElec   .          Harm     .   (no cloak)
rCorr   .          Rampage  .   (no gloves)
Will    .....                   (no boots)
Stlth   +.........              (no amulet)
HPRegen 0.13/turn               (no ring)
MPRegen 0.09/turn               (no ring)

@: on berserk cooldown, slowed, very slow
A: AC +5, unfitting armour, cold-blooded
a: Renounce Religion, Berserk, Trog's Hand


You were on level 4 of the Dungeon.
You worshipped Trog.
Trog was pleased with you.
You visited 1 branch of the dungeon, and saw 4 of its levels.

You collected 48 gold pieces.

Inventory:

Hand Weapons
 a - a +0 mace
 g - a +1 great mace (weapon)
Scrolls
 b - a scroll of noise {unknown}
 h - 4 scrolls of teleportation
Potions
 c - a potion of lignification {unknown}
 d - a potion of curing {unknown}
 i - a potion of flight {unknown}


   Skills:
 + Level 4.1 Fighting
 + Level 4.5 Maces & Flails
 + Level 3.3 Dodging
 + Level 0.2 Stealth


You had 3 spell levels left.
You didn't know any spells.
Your spell library contained the following spells:

 Spells                   Type           Power      Damage    Failure   Level
 Ensorcelled Hibernation  Hex/Ice        0%         N/A       54%         2
 Passwall                 Tmut/Erth      0%         N/A       54%         2
 Summon Guardian Golem    Hex/Summ       0%         N/A       78%         3
 Swiftness                Air            0%         N/A       78%         3
 Orb of Destruction       Conj           0%         9d5       100%        7
 Spellforged Servitor     Conj/Summ      0%         N/A       100%        7


Dungeon Overview and Level Annotations

Branches:
Dungeon (4/15)
 Temple: D:4-7

Altars:
Dithmenos

Annotations:
D:3 1 runed translucent door, JacoesBerries's ghost, amateur DECj


Innate Abilities, Weirdness & Mutations

Your plain brown scales are hard. (AC +5)
You cannot fit into any form of body armour.
You are cold-blooded and may be slowed by cold attacks.


Message History

You hear some strange, mumbled words.
Something tries to affect you, but you resist.
The orc closely misses you.
You hear some strange, mumbled words.
A puff of flame appears from out of thin air!
The puff of flame misses you. The orc hits you but does no damage.
You hear some strange, mumbled words.
You are confused.
You are too confused!
There is a stone staircase leading down here.
Something hits you.
* * * LOW HITPOINT WARNING * * *
In your confused state, you trip and fall down the stairs.
* * * LOW HITPOINT WARNING * * *
You climb downwards.
Reactivating autopickup.
The endoplasm quivers.
Found 11 stones and a whip.
There is a stone staircase leading up here.
You are too confused!
You can't go down here!
You feel less confused. Something hits you but does no damage.
Deactivating autopickup; reactivate with Ctrl-A.
You climb upwards.
Level annotation: 1 runed translucent door, JacoesBerries's ghost, amateur DECj Reactivating autopickup.
The orc hits you but does no damage. The orc hits you with a +0 dagger.
* * * LOW HITPOINT WARNING * * *
There is a stone staircase leading down here.
An orc wizard appears from thin air!
The orc hits you with a +0 dagger.
* * * LOW HITPOINT WARNING * * *
The orc wizard completely misses you. The orc barely misses you.
The orc wizard hits you with a +0 dagger.
* * * LOW HITPOINT WARNING * * *
You climb downwards.
The endoplasm misses you. The endoplasm closely misses you.
There is a stone staircase leading up here.
The endoplasm barely misses you. The orc hits you with a +0 dagger.
You die...

#.# #.# #.#
###.# ...# #..#
#.o# #.@#
......Jo......(
#....#..)...#..
#### ######.#
.. #.


You could see an orc wizard, an orc and an endoplasm.

Vanquished Creatures
  5 adders
  A worm (D:2)
  A dart slug (D:2)
  6 orcs
  2 ball pythons
  10 bats
  2 endoplasms
  2 giant cockroaches (D:1)
  6 goblins
  5 hobgoblins
  6 jackals
  6 kobolds
  5 quokkas
  A frilled lizard (D:1)
  2 rats (D:1)
60 creatures vanquished.

Notes
Turn   | Place    | Note
-------+----------+-------------------------------------------
     0 | D:1      | Nyth the Draconian Berserker began the quest for the Orb.
     0 | D:1      | Reached XP level 1. HP: 19/19 MP: 1/1
    58 | D:1      | Reached XP level 2. HP: 21/26 MP: 2/2
   802 | D:1      | Found a faded altar of an unknown god.
   823 | D:1      | Reached XP level 3. HP: 33/33 MP: 3/3
  1882 | D:2      | Reached XP level 4. HP: 38/40 MP: 4/4
  2567 | D:3      | Reached ** piety under Trog
  2573 | D:3      | Found a runed translucent door.
  2574 | D:3      | Noticed JacoesBerries's ghost (amateur DECj)
  2595 | D:3      | Found a shadowy altar of Dithmenos.
  2707 | D:3      | HP: 1/40 [orc wizard/+0 dagger (2)]
  2709 | D:4      | Slain by an orc

Illustrated notes

Levels and vault maps discovered:
D:1:      mainiacjoe_arrival_reflecting_pool, layout_basic,
          shapermc_ecumenical_altar_venn, minivault_19, minivault_19
D:2:      layout_basic
D:3:      layout_basic, lemuel_tele_altar, grunt_dithmenos_smoke_and_mirrors,
          gammafunk_ghost_grave, grunt_decor_junction,
          nicolae_figureground_pulse
D:4:      layout_basic

Skill      XL: |  1  2  3  4 |
---------------+-------------+-----
Dodging        | 3 |  3.3
Maces & Flails | 4 |  4.5
Fighting       | 4 |  4.1
Stealth        | |  0.2

Action                   |  1- 3 |  4- 6 || total
-------------------------+-------+-------++-------
Melee: Mace              |    60 |       ||    60
       Tailslap          |     5 |     7 ||    12
       Great mace        |    52 |    56 ||   108
       Punch             |     1 |       ||     1
Invok: Berserk           |     6 |     2 ||     8
  Use: Scroll            |     5 |       ||     5
Armor: Skin              |    70 |    34 ||   104
Dodge: Dodged            |   115 |    57 ||   172
